 Dungeon Crawl Stone Soup version 0.17-a0-1621-gfc7a675 (webtiles) character file.

1265 Oddball22 the Digger (level 8, -1/46 HPs)
             Began as a Gargoyle Earth Elementalist on Aug 2, 2015.
             Was a Believer of Fedhas.
             Slain by an orc warrior
             ... wielding a +0 hand axe
              (11 damage)
             ... on level 6 of the Dungeon.
             The game lasted 00:22:55 (6283 turns).

Oddball22 the Digger (Gargoyle Earth Elementalist)  Turns: 6283, Time: 00:22:55

Health: -1/46      AC: 14    Str: 15    XL:     8   Next: 52%
Magic:  30/32      EV: 12    Int: 15    God:    Fedhas [**....]
Gold:   248        SH:  0    Dex: 14    Spells: 5 memorised, 3 levels left

rFire  . . .     SeeInvis .     x - +4 dagger (venom)
rCold  . . .     Clarity  .     R - +0 leather armour {rN+}
rNeg   + + .     SustAt   .     (no shield)
rPois  ∞         Gourm    .     (no helmet)
rElec  +         Spirit   .     (no cloak)
rCorr  .         Warding  .     A - +1 pair of gloves "Kick" {MR- MP+9 Dex+4}
rMut   .         Stasis   .     H - +0 pair of boots
MR     .....                    (no amulet)
Stlth  ++........               (no ring)
                                F - ring of magical power

@: stone skin, not resistant to hostile enchantments, unstealthy
A: negative energy resistance 1, electricity resistance, unbreathing,
petrification resistance, rot immunity, AC +5
a: Evolution, Sunlight, Renounce Religion


You were on level 6 of the Dungeon.
You worshipped Fedhas.
Fedhas was pleased with you.
You were not hungry.

You visited 1 branch of the dungeon, and saw 6 of its levels.

You collected 248 gold pieces.

Inventory:

Hand weapons
 r - a +0 morningstar
 x - a +4 dagger of venom (weapon)
 E - a +2 whip of draining
 L - a +2 mace of holy wrath
Missiles
 a - 105 stones (quivered)
 o - 48 bolts
 I - 22 silver bolts
Armour
 v - a +0 buckler
 A - the +1 pair of gloves "Kick" (worn) {MR- MP+9 Dex+4}
   (You found it on level 4 of the Dungeon)

   It affects your dexterity (+4).
   It affects your resistance to hostile enchantments.
   It affects your magic capacity (+9).
 H - a +0 pair of boots (worn)
 M - a +0 shield
 R - a +0 leather armour of positive energy (worn)
Jewellery
 F - a ring of magical power (left hand)
Magical devices
 P - a wand of lightning (5)
 Q - a wand of fire (7)
Scrolls
 f - 5 scrolls of identify
 h - 7 scrolls of remove curse {unknown}
 j - a scroll of enchant armour {unknown}
 k - 4 scrolls of teleportation {unknown}
 m - 7 scrolls of enchant weapon
 n - a scroll of random uselessness {unknown}
 s - 2 scrolls of magic mapping {unknown}
 B - a scroll of amnesia {unknown}
 G - a scroll of fear {unknown}
 J - 2 scrolls of summoning {unknown}
Potions
 e - 2 potions of degeneration {unknown}
 g - 2 potions of might {unknown}
 l - 4 potions of curing {unknown}
 p - 3 potions of lignification {unknown}
 q - 3 potions of cure mutation {unknown}
 t - a potion of cancellation {unknown}
 u - 3 potions of heal wounds {unknown}
 w - a potion of brilliance {unknown}
 z - a potion of berserk rage {unknown}
 C - a potion of poison {unknown}
 N - a potion of agility {unknown}
Books
 c - a book of Geomancy

   Spells                             Type                      Level
   a - Sandblast                      Earth                        1
   b - Stoneskin                      Transmutation/Earth          2
   c - Passwall                       Transmutation/Earth          3
   d - Stone Arrow                    Conjuration/Earth            3
   e - Petrify                        Transmutation/Earth          4
   f - Lee's Rapid Deconstruction     Earth                        5
 y - a book of Beasts

   Spells                             Type                      Level
   a - Summon Butterflies             Summoning                    1
   b - Call Canine Familiar           Summoning                    3
   c - Summon Ice Beast               Ice/Summoning                4
   d - Summon Mana Viper              Hexes/Summoning              5
   e - Summon Hydra                   Summoning                    7
Comestibles
 d - 3 bread rations
 i - a meat ration
 D - 5 fruits
 K - a slice of pizza
 O - 3 chunks of flesh


   Skills:
 - Level 3.5 Fighting
 - Level 4.5 Maces & Flails
 - Level 3.1 Armour
 - Level 1.5 Dodging
 - Level 2.1 Stealth
 - Level 0.2 Shields
 + Level 4.0 Spellcasting
 * Level 3.9 Summonings
 - Level 0.7 Transmutations
 - Level 5.2 Earth Magic
 - Level 2.7 Invocations


You had 3 spell levels left.
You knew the following spells:

 Your Spells              Type           Power        Failure   Level  Hunger
a - Sandblast             Erth           ###...       2%          1    None
b - Stoneskin             Trmt/Erth      ##......     12%         2    ##.....
c - Passwall              Trmt/Erth      ##........   21%         3    ###....
d - Stone Arrow           Conj/Erth      ##....       24%         3    ###....
e - Call Canine Familiar  Summ           ##......     17%         3    ###....


Dungeon Overview and Level Annotations

Branches:
Dungeon (6/15)
 Temple: D:4-7

Altars:
Dithmenos
Fedhas
Makhleb
Okawaru
Sif Muna
Vehumet


Innate Abilities, Weirdness & Mutations

You are resistant to torment.
Your stone body is resilient (AC +5).
You are immune to poison.
You resist negative energy.
You are resistant to electric shocks.
You can survive without breathing.
You are immune to petrification.
You are immune to rotting.


Message History

You hit the orc warrior but do no damage.
The orc warrior is heavily wounded.
The orc warrior hits you but does no damage.
You closely miss the orc warrior.
The orc warrior is heavily wounded.
The orc warrior closely misses you.
You barely miss the orc warrior.
The orc warrior is heavily wounded.
The orc shouts!
The orc warrior hits you with a hand axe.
* * * LOW HITPOINT WARNING * * *
Casting: Stoneskin
Confirm with . or Enter, or press ? or * to list all spells.
Your skin hardens.
You hit the orc warrior but do no damage.
The orc warrior is poisoned.
The orc warrior is heavily wounded.
The orc warrior hits you with a hand axe!
You die...
Fedhas appreciates your contribution to the ecosystem.

#.........................#.###
######.#########.####.#.#......
#.# #..................... #.#
#>............o....... #.#
#.##.##.####.#.#.#.#.. #.#
#.##.##.# #.#[#.#.#.# #.#
#.##.##.# #.#.......#
#.###.##.##.####(###.#.#.#
#........@o...o.(..).#.###
#.###.##.##.####.###.....# #.#
#.##.##+###..........# #.#
#.##.........######<.#
##########.##.........#######..
#.....................#.....+..
####.#####............#.#####..
#....# ####.#................
##...# #)######...........


You could see an orc warrior and an orc.

Vanquished Creatures
  Eustachio (D:4)
  2 ice beasts (D:5)
  3 scorpions
  3 orc priests (D:6)
  A crimson imp (D:5)
  6 orc wizards
  A centaur skeleton (D:4)
  2 hounds
  An iguana (D:4)
  5 worker ants
  A hound skeleton (D:4)
  A worker ant zombie (D:6)
  7 gnolls
  2 shadow imps (D:5)
  9 adders
  2 oozes
  A worm (D:3)
  A giant gecko (D:3)
  15 orcs
  7 bats
  7 giant cockroaches
  3 goblins
  6 hobgoblins
  3 jackals (D:2)
  5 kobolds
  A giant gecko skeleton (D:5)
  4 giant newts
  3 quokkas
  6 rats
109 creatures vanquished.

Vanquished Creatures (others)
  50 toadstools
50 creatures vanquished.

Grand Total: 159 creatures vanquished

Notes
Turn   | Place    | Note
--------------------------------------------------------------
     0 | D:1      | Oddball22 the Gargoyle Earth Elementalist began the quest for the Orb.
     0 | D:1      | Reached XP level 1. HP: 10/10 MP: 3/3
   340 | D:1      | Reached skill level 1 in Fighting
   340 | D:1      | Reached XP level 2. HP: 14/16 MP: 5/5
   769 | D:2      | Reached skill level 4 in Earth Magic
  1318 | D:2      | Found a deep blue altar of Sif Muna.
  1318 | D:2      | Found a shadowy altar of Dithmenos.
  1444 | D:2      | Reached skill level 1 in Maces & Flails
  1444 | D:2      | Reached XP level 3. HP: 17/20 MP: 1/6
  1877 | D:2      | Found a blossoming altar of Fedhas.
  2017 | D:2      | Became a worshipper of Fedhas Madash
  2144 | D:2      | Reached skill level 1 in Armour
  2144 | D:2      | Reached XP level 4. HP: 14/26 MP: 7/7
  2514 | D:3      | Learned a level 2 spell: Stoneskin
  2837 | D:2      | Learned a level 3 spell: Passwall
  3128 | D:3      | Reached skill level 1 in Invocations
  3245 | D:3      | Reached XP level 5. HP: 30/30 MP: 8/8
  3247 | D:3      | Acquired Fedhas's first power
  3481 | D:3      | Found a radiant altar of Vehumet.
  3625 | D:4      | Reached XP level 6. HP: 26/36 MP: 9/9
  3853 | D:4      | Got a pair of distressingly furry gloves
  3859 | D:4      | Identified the +1 pair of gloves "Kick" {MR- MP+9 Dex+4} (You found it on level 4 of the Dungeon)
  4253 | D:4      | Noticed Eustachio
  4288 | D:4      | Killed Eustachio
  4288 | D:4      | Reached skill level 5 in Earth Magic
  4288 | D:4      | Reached XP level 7. HP: 27/41 MP: 10/10
  5013 | D:3      | Learned a level 3 spell: Stone Arrow
  5280 | D:5      | Entered Level 5 of the Dungeon
  5555 | D:5      | Found a burning altar of Makhleb.
  5628 | D:5      | Learned a level 3 spell: Call Canine Familiar
  5644 | D:5      | Reached skill level 1 in Summonings
  5644 | D:5      | Reached XP level 8. HP: 42/46 MP: 13/13
  5914 | D:6      | Acquired Fedhas's second power
  6113 | D:6      | Found an iron altar of Okawaru.
  6283 | D:6      | Slain by an orc warrior

Vault maps used:
D:1:      lemuel_arrival_room, minivault_26, st_stairs_7
D:2:      gammafunk_temple_overflow_elements, fedhas_altar_3
D:3:      old_standard_altar, first_bread, hangedman_decor_peaks_small,
          minivault_14
D:4:      minmay_surrounded, uniq_eustachio
D:5:      overflow_temple_1_default
D:6:      okawaru_ov_weapons_minmay, serial_shops,
          nicolae_shop_competitors_out_of_business, uniq_blork_the_orc

Action                   |  1- 3 |  4- 6 |  7- 9 || total
-------------------------+-------+-------+-------++-------
Melee: Short sword       |    18 |       |       ||    18
       Unarmed           |     4 |       |       ||     4
       Whip              |    87 |    80 |    47 ||   214
       Dagger            |       |    64 |   162 ||   226
       Mace              |       |       |     4 ||     4
 Cast: Sandblast         |    11 |    20 |     1 ||    32
       Stoneskin         |       |     4 |     6 ||    10
  Use: Scroll            |       |     2 |       ||     2
 Stab: Sleeping          |     2 |     1 |     2 ||     5
       Distracted        |     1 |       |       ||     1
  Eat: Chunk             |     4 |     7 |     3 ||    14
       Bread ration      |       |       |     1 ||     1
